 Dungeon Crawl Stone Soup version 0.20-a0-433-g9e36e56 (webtiles) character file.

12163 Amnesiac the Covert (level 11, -5/68 HPs)
             Began as a Mummy Enchanter on Jan 4, 2017.
             Was an Initiate of Gozag.
             Slain by a merfolk
             ... wielding a +0 trident
              (13 damage)
             ... on level 2 of the Lair of Beasts.
             The game lasted 00:27:52 (13286 turns).

Amnesiac the Covert (Mummy Enchanter)              Turns: 13286, Time: 00:27:53

Health: -5/68      AC: 11    Str: 17    XL:     11   Next: 58%
Magic:  2/26       EV: 11    Int: 17    God:    Gozag
Gold:   1039       SH:  0    Dex: 19    Spells: 7/18 levels left

rFire  x . .     SeeInvis .     y - +3 dagger (drain)
rCold  + . .     Gourm    .     v - +1 ring mail of Midsummer {MR+ Str+5}
rNeg   + + +     Faith    .     (no shield)
rPois  ∞         Spirit   .     (no helmet)
rElec  .         Reflect  .     t - +2 cloak {MR+}
rCorr  .         Harm     .     b - +0 pair of gloves
MR     +++..                    r - +0 pair of boots
Stlth  +++++.....               (no amulet)
                                a - ring of magical power
                                B - +6 ring of dexterity

@: no status effects
A: no food or potions, fire vulnerability, cold resistance 1, negative energy
resistance 3, torment resistance, unbreathing
a: Potion Petition, Call Merchant, Bribe Branch, Renounce Religion


You were on level 2 of the Lair of Beasts.
You worshipped Gozag.
Gozag was most pleased with you.
You were not hungry.

You visited 3 branches of the dungeon, and saw 13 of its levels.
You also visited: Ossuary.

You collected 2313 gold pieces.
You spent 1208 gold pieces at shops.
You paid 66 gold pieces to Gozag.

Inventory:

Hand Weapons
 i - a +0 blowgun
 w - a +2 dagger of venom
 y - a +3 dagger of draining (weapon)
 G - a +0 falchion of flaming
 K - a +1 dagger of chaos
Missiles
 j - 44 poisoned needles
Armour
 b - a +0 pair of gloves (worn)
 r - a +0 pair of boots (worn)
 t - a +2 cloak of magic resistance (worn)
 v - the +1 ring mail of Midsummer (worn) {MR+ Str+5}
   (You found it on level 4 of the Dungeon)

   It affects your strength (+5).
   It affects your resistance to hostile enchantments.
Jewellery
 a - a ring of magical power (right hand)
 e - the ring "Haxufuq" {rElec rF+ AC+3 Dex-5}
   (You found it on level 10 of the Dungeon)

   [ring of protection]

   It affects your AC (+3).
   It affects your dexterity (-5).
   It protects you from fire.
   It insulates you from electricity.
 m - an uncursed ring of fire
 o - an uncursed ring of protection from cold
 q - an uncursed ring of flight
 u - the ring of Lukleg {Fire Dex+4}
   (You found it on level 4 of the Dungeon)

   [ring of fire]

   It enhances your fire magic.
   It affects your dexterity (+4).
   It protects you from fire.
   It makes you vulnerable to cold.
 x - an uncursed ring of see invisible
 B - a +6 ring of dexterity (left hand)
 E - an uncursed ring of protection from magic
Wands
 c - a wand of iceblast (4/15)
 F - a wand of random effects (21/48)
 H - a wand of paralysis (8/24)
Scrolls
 d - 5 scrolls of enchant armour
 f - 4 scrolls of teleportation
 h - 6 scrolls of remove curse
 l - 4 scrolls of immolation
 n - 2 scrolls of enchant weapon
 p - 4 scrolls of recharging
 z - 8 scrolls of identify
 A - 3 scrolls of fog
 C - 2 scrolls of amnesia
 D - a scroll of summoning
 J - a scroll of brand weapon


   Skills:
 - Level 10.0 Short Blades
 - Level 1.5 Dodging
 + Level 11.9 Stealth
 - Level 4.0 Spellcasting
 - Level 6.0 Hexes


You had 7 spell levels left.
You knew the following spells:

 Your Spells              Type           Power        Failure   Level  Hunger
a - Dazzling Spray        Conj/Hex       ##....       24%         3    N/A
e - Confuse               Hex            ###.....     10%         3    N/A
f - Ensorcelled Hibernat  Hex/Ice        ##....       14%         2    N/A
w - Tukima's Dance        Hex            ###.....     10%         3    N/A

Dungeon Overview and Level Annotations

Branches:
Dungeon (10/15)            Temple (1/1) D:4            Lair (2/6) D:10
 Shoals (0/4) Lair:2
  Snake: Lair:2-4    Spider: Lair:2-4       Orc: D:9-12

Altars:
Ashenzari
Cheibriados
Dithmenos
Elyvilon
Fedhas
Gozag
Hepliaklqana
Kikubaaqudgha
Makhleb
Nemelex Xobeh
Okawaru
Qazlal
Ru
Sif Muna
Trog
Uskayaw
Vehumet
Xom
Yredelemnul
Zin
The Shining One

Shops:
D:4 [   D:7 !   D:8 ?

Annotations:
D:7 Uhlv's ghost, novice DrMo


Innate Abilities, Weirdness & Mutations

You do not eat or drink.
Your flesh is vulnerable to fire.
You are immune to poison.
Your flesh is cold resistant. (rC+)
You are immune to negative energy. (rN+++)
You are immune to unholy pain and torment.
You can survive without breathing.


Message History

The merfolk easily resists.
Casting: Confuse
Confirm with . or Enter, or press ? or * to list all spells.
Aiming: Confuse
Press: ? - help, Shift-Dir - straight line, f/p - merfolk
Aim: a merfolk, wielding a trident (chance to defeat MR: 36%)
The merfolk easily resists.
The merfolk hits you from afar with a trident!
Casting: Confuse
Confirm with . or Enter, or press ? or * to list all spells.
Aiming: Confuse
Press: ? - help, Shift-Dir - straight line, f/p - merfolk
Aim: a merfolk, wielding a trident (chance to defeat MR: 36%)
The merfolk easily resists.
The merfolk hits you from afar with a trident!!
* * * LOW HITPOINT WARNING * * *
There is a stone staircase leading up here.
The merfolk hits you from afar with a trident!
You die...
Your body crumbles into a pile of gold.

##..>....#
#........#
.......(.#
#........##
.........P
#P......##
#.......#
#....@.##
##.......#
#.....m.##
###.#....##
#.##.....##
###.......#.#
#.##......###
......#
#......)..##
.....>#
#=.#.......#


You could see a merfolk.

Vanquished Creatures
  A hydra (D:8)
  Erica (D:9)
  A two-headed ogre (D:10)
  2 oklob plants (D:10)
  2 merfolk sirens (Lair:2)
  Psyche (D:10)
  A black mamba (Lair:1)
  4 spiny frogs (Lair:1)
  A komodo dragon (Lair:1)
  Grinder (D:6)
  3 hippogriffs
  2 dream sheep (D:8)
  12 yaks
  A basilisk (Lair:1)
  A hungry ghost (D:7)
  2 porcupines
  A water moccasin (Lair:1)
  An orc warrior (D:8)
  An ice beast (D:10)
  2 sky beasts
  3 necrophages
  2 ogres (D:9)
  A centaur (D:7)
  A crocodile (Lair:1)
  4 big kobolds (D:8)
  3 bullfrogs
  2 wyvern zombies
  2 scorpions (D:8)
  A water moccasin zombie (Ossuary)
  A howler monkey (D:10)
  3 centaur zombies (Ossuary)
  4 crimson imps
  3 bullfrog zombies
  3 bullfrog skeletons
  3 hounds
  3 iguanas
  A centaur skeleton (D:7)
  9 worker ants
  Natasha (twice) (D:4)
  6 orc wizards
  A killer bee zombie (D:8)
  3 hound skeletons
  13 mummies (Ossuary)
  2 howler monkey zombies (Ossuary)
  2 worker ant zombies
  9 adders
  5 gnolls
  A howler monkey skeleton (D:4)
  3 shadow imps
  2 oozes
  4 adder zombies (Ossuary)
  2 adder skeletons
  2 worms
  2 dart slugs
  A leopard gecko (D:4)
  24 orcs
  5 giant cockroaches
  2 gnoll zombies (D:4)
  6 goblins
  7 hobgoblins
  15 jackals
  5 quokkas
  5 bats
  7 frilled lizards
  A giant cockroach zombie (Ossuary)
  A jackal skeleton (D:4)
  A jackal zombie (D:8)
  12 kobolds
  A leopard gecko zombie (Ossuary)
  A quokka skeleton (D:6)
  8 rats
  A fungus (Lair:1)
  A withered plant (Ossuary)
253 creatures vanquished.

Vanquished Creatures (collateral kills)
  A hound (D:8)
  An adder (D:8)
  3 orcs (D:8)
5 creatures vanquished.

Vanquished Creatures (others)
  5 plants (D:10)
  2 withered plants (Ossuary)
7 creatures vanquished.

Grand Total: 265 creatures vanquished

Notes
Turn   | Place    | Note
-------+----------+-------------------------------------------
     0 | D:1      | Amnesiac the Mummy Enchanter began the quest for the Orb.
     0 | D:1      | Reached XP level 1. HP: 13/13 MP: 4/4
   565 | D:1      | Reached XP level 2. HP: 8/19 MP: 4/6
   964 | D:3      | Found a hazy altar of Hepliaklqana.
   985 | D:4      | Found a snail-covered altar of Cheibriados.
  1289 | D:4      | Found a staircase to the Ecumenical Temple.
  1297 | Temple   | Entered the Ecumenical Temple
  1987 | D:3      | Reached XP level 3. HP: 24/24 MP: 7/7
  1992 | D:3      | Learned a level 3 spell: Confuse
  2284 | Temple   | Became a worshipper of Gozag Ym Sagoz the Greedy
  2395 | D:1      | Reached XP level 4. HP: 30/30 MP: 9/9
  3234 | D:3      | Reached XP level 5. HP: 17/35 MP: 11/11
  3625 | D:4      | Reached skill level 5 in Hexes
  3750 | D:4      | Noticed Natasha
  3759 | D:4      | Killed Natasha
  3973 | D:4      | Noticed Natasha
  3980 | D:4      | Killed Natasha
  3980 | D:4      | Reached XP level 6. HP: 32/41 MP: 12/12
  4051 | D:4      | Found Dojys's Antique Armour Emporium.
  4067 | D:4      | Bought an embroidered cloak for 252 gold pieces
  4111 | D:4      | Got a slimy bone ring
  4284 | D:4      | Found a basalt altar of Yredelemnul.
  4555 | D:4      | Got an ichor-stained ring mail
  4566 | D:4      | Identified the +1 ring mail of Midsummer {MR+ Str+5} (You found it on level 4 of the Dungeon)
  4570 | D:4      | Learned a level 3 spell: Dazzling Spray
  4574 | D:4      | Learned a level 3 spell: Tukima's Dance
  4577 | D:4      | Learned a level 2 spell: Ensorcelled Hibernation
  4586 | D:5      | Entered Level 5 of the Dungeon
  4664 | D:5      | Reached skill level 1 in Short Blades
  5234 | D:6      | Reached XP level 7. HP: 46/46 MP: 13/13
  5343 | D:6      | Identified the ring of Lukleg {Fire Dex+4} (You found it on level 4 of the Dungeon)
  5508 | D:6      | Noticed Grinder
  5541 | D:6      | Killed Grinder
  5602 | D:6      | Found a sand-covered staircase.
  5624 | Ossuary  | Entered an ossuary
  5678 | Ossuary  | Reached skill level 5 in Short Blades
  5755 | Ossuary  | Reached XP level 8. HP: 38/52 MP: 14/14
  6725 | D:7      | Noticed Uhlv's ghost (novice DrMo)
  7238 | D:7      | Noticed a hippogriff
  7238 | D:7      | Noticed a hippogriff
  7263 | D:7      | Killed a hippogriff
  7269 | D:7      | Killed a hippogriff
  7539 | D:7      | Found Menop's Distillery.
  7600 | D:7      | Reached XP level 9. HP: 52/57 MP: 15/15
  7622 | D:7      | Reached skill level 3 in Stealth
  7931 | D:7      | Reached skill level 4 in Stealth
  8363 | D:8      | Found a shattered altar of Ashenzari.
  8371 | D:8      | Found a stormy altar of Qazlal.
  8373 | D:8      | Found a burning altar of Makhleb.
  8374 | D:8      | Found a shadowy altar of Dithmenos.
  8374 | D:8      | Found a radiant altar of Vehumet.
  8374 | D:8      | Found a bloodstained altar of Trog.
  8375 | D:8      | Found a blossoming altar of Fedhas.
  8380 | D:8      | Reached skill level 5 in Stealth
  8736 | D:8      | Reached skill level 6 in Stealth
  8944 | D:8      | Reached skill level 7 in Stealth
  8963 | D:8      | Noticed a three-headed hydra
  8986 | D:8      | Killed a one-headed hydra
  8986 | D:8      | Reached skill level 8 in Stealth
  8986 | D:8      | Reached XP level 10. HP: 39/63 MP: 16/16
  9156 | D:8      | Found Nilliret's Magic Scroll Shop.
  9174 | D:8      | Bought a scroll of acquirement for 572 gold pieces
  9174 | D:8      | Bought a scroll of brand weapon for 220 gold pieces
  9174 | D:8      | Bought a scroll of enchant weapon for 82 gold pieces
  9174 | D:8      | Bought a scroll of enchant armour for 82 gold pieces
  9354 | D:8      | Found a snail-covered altar of Cheibriados.
  9516 | D:9      | Noticed Erica
  9532 | D:9      | Killed Erica
  9532 | D:9      | Reached skill level 9 in Stealth
 10106 | D:10     | Entered Level 10 of the Dungeon
 10156 | D:10     | Noticed Psyche
 10173 | D:10     | Reached skill level 10 in Stealth
 10353 | D:10     | Got a warped iron ring
 10365 | D:10     | Identified the ring "Haxufuq" {rElec rF+ AC+3 Dex-5} (You found it on level 10 of the Dungeon)
 10422 | D:10     | Noticed an oklob plant
 10435 | D:10     | Killed Psyche
 10504 | D:10     | Noticed an oklob plant
 10510 | D:10     | Found a staircase to the Lair.
 10517 | D:10     | Killed an oklob plant
 10946 | D:10     | Noticed a two-headed ogre
 10979 | D:10     | Killed a two-headed ogre
 11209 | D:10     | Killed an oklob plant
 11209 | D:10     | Reached XP level 11. HP: 68/68 MP: 17/17
 11251 | D:10     | Got a crude scale mail
 11262 | D:10     | Identified the cursed +0 scale mail of Soxzehe {rC+} (You found it on level 10 of the Dungeon)
 11313 | Lair:1   | Entered Level 1 of the Lair of Beasts
 11500 | Lair:1   | Reached skill level 10 in Short Blades
 12055 | Lair:1   | Reached skill level 11 in Stealth
 13203 | Lair:2   | Found a staircase to the Shoals.
 13286 | Lair:2   | Slain by a merfolk

Vault maps used:
D:1:      scummos_arrival_hexagon, st_stairs_8, roderic_bali_sauvastika,
          minmay_misc_feat_nine_boxes, kennysheep_nondescript
D:2:      first_bread
D:3:      nicolae_overflow_hidden_temple, minmay_misc_feat_secret_circle,
          minmay_misc_feat_tower, minmay_distorted
D:4:      lemuel_zombie_altar_yredelemnul, serial_shops, shop,
          cheibriados_altar_1, uniq_natasha
D:5:      corexii_shack
D:6:      enter_ossuary_1, uniq_grinder
D:7:      serial_shops, nicolae_shop_trees
D:8:      grunt_temple_overflow_open, kennysheep_little_box, serial_shops, shop,
          hangedman_ranch
D:9:      uniq_erica
D:10:     dpeg_oklobed_lair, uniq_psyche
Temple:   minmay_freezing_vapour_temple
Lair:2:   elwin_shoals_entry_stream, roderic_carrion_pond
Ossuary:  ossuary_zaba_flooded

Skill      XL: |  1  2  3  4  5  6  7  8  9 10 11 |
---------------+----------------------------------+-----
Hexes          | 3 4 5 6 |  6.0
Spellcasting   | 3 4 |  4.0
Short Blades   | 3 5 8 9 10 | 10.0
Stealth        | 8 10 11 | 11.9
Dodging        | |  1.5

Action                   |  1- 3 |  4- 6 |  7- 9 | 10-12 || total
-------------------------+-------+-------+-------+-------++-------
Melee: Dagger            |   100 |   142 |   216 |   386 ||   844
       Whip              |       |    32 |   152 |       ||   184
       Falchion          |       |       |     5 |       ||     5
 Cast: Corona            |    24 |       |       |       ||    24
       Confuse           |       |    15 |    62 |    77 ||   154
       Tukima's Dance    |       |       |     1 |     2 ||     3
       Dazzling Spray    |       |       |     1 |     5 ||     6
Evoke: Wand              |       |       |       |     6 ||     6
  Use: Scroll            |       |       |    11 |    10 ||    21
 Stab: Sleeping          |     5 |     4 |     5 |    12 ||    26
       Distracted        |       |     1 |     1 |     3 ||     5
       Confused          |       |       |    17 |    29 ||    46
       Paralysed         |       |       |       |     3 ||     3
Armor: Robe              |    40 |    14 |       |       ||    54
       Ring mail         |       |    13 |   106 |    99 ||   218
Dodge: Dodged            |   133 |    91 |   134 |   124 ||   482
       Rpst.: Falchion   |       |       |     2 |       ||     2
